 Dungeon Crawl Stone Soup version 0.28-a0-8-g6e044cfa68 (webtiles) character file.

Game seed: 15198348651772251538

109 pokeman the Magician (level 4, 0/25 HPs)
             Began as a Deep Elf Hedge Wizard on July 25, 2021.
             Slain by a phantom (2 damage)
             ... on level 3 of the Dungeon.
             The game lasted 00:05:18 (2669 turns).

pokeman the Magician (Deep Elf Hedge Wizard)        Turns: 2669, Time: 00:05:19

Health: 0/25       AC:  2    Str: 13    XL:     4   Next: 59%
Magic:  1/13       EV: 12    Int: 20    God:
Gold:   117        SH:  0    Dex: 14    Spells: 3/14 levels left

rFire   . . .      SeeInvis .   j - +1 dagger (speed)
rCold   . . .      Faith    .   (no shield)
rNeg    . . .      Spirit   .   b - +0 robe
rPois   .          Reflect  .   c - +0 hat
rElec   .          Harm     .   (no cloak)
rCorr   .          Rampage  .   (no gloves)
Will    .....                   (no boots)
Stlth   ++........              (no amulet)
HPRegen 0.08/turn               l - +6 ring of strength
MPRegen 0.13/turn               (no ring)

@: no status effects
A: no striking features
a: no special abilities


You were on level 3 of the Dungeon.
You visited 1 branch of the dungeon, and saw 3 of its levels.

You collected 117 gold pieces.

Inventory:

Hand Weapons
 j - a +1 dagger of speed (weapon)
Missiles
 f - 20 arrows
 q - 2 atropa-tipped darts
Armour
 b - a +0 robe (worn)
 c - a +0 hat (worn)
Jewellery
 l - a +6 ring of strength (left hand)
Wands
 i - a wand of polymorph (8)
Scrolls
 a - a scroll of blinking {unknown}
 g - a scroll of vulnerability {unknown}
 k - a scroll of identify {unknown}
 m - a scroll of magic mapping {unknown}
 p - a scroll of holy word {unknown}
Potions
 d - a potion of cancellation {unknown}
 e - a potion of berserk rage {unknown}
 h - a potion of heal wounds {unknown}
 n - a potion of magic {unknown}
 o - a potion of curing {unknown}


   Skills:
 - Level 1.0 Fighting
 - Level 1.0 Armour
 + Level 2.8 Dodging
 - Level 2.4 Stealth
 * Level 5.8 Spellcasting
 + Level 2.3 Conjurations
 - Level 1.1 Summonings
 - Level 1.1 Translocations
 + Level 0.9 Fire Magic


You had 3 spell levels left.
You knew the following spells:

 Your Spells              Type           Power      Damage    Failure   Level
a - Magic Dart            Conj           60%        1d6       4%          1
b - Mephitic Cloud        Conj/Pois/Air  8%         N/A       24%         3
c - Call Imp              Summ           10%        N/A       11%         2
d - Blink                 Tloc           N/A        N/A       11%         2
e - Conjure Flame         Conj/Fire      12%        6-21      16%         3

Your spell library contained the following spells:

 Spells                   Type           Power      Damage    Failure   Level
 Slow                     Hex            5%         N/A       16%         2


Dungeon Overview and Level Annotations

Branches:
Dungeon (3/15)

Altars:
Dithmenos


Message History

Press: ? - help, Shift-Dir - straight line, f/p - phantom
Aim: a phantom (heavily damaged, 100% to hit)
The magic dart hits the phantom.
The phantom is heavily damaged.
The phantom hits you but does no damage.
Casting: Magic Dart (safe; 4% risk of failure)
Confirm with . or Enter, or press ? or * to list all spells.
Aiming: Magic Dart (safe; 4% risk of failure)
Press: ? - help, Shift-Dir - straight line, f/p - phantom
Aim: a phantom (heavily damaged, 100% to hit)
The magic dart hits the phantom.
The phantom is severely damaged.
The phantom barely misses you.
Casting: Magic Dart (safe; 4% risk of failure)
Confirm with . or Enter, or press ? or * to list all spells.
Aiming: Magic Dart (safe; 4% risk of failure)
Press: ? - help, Shift-Dir - straight line, f/p - phantom
Aim: a phantom (severely damaged, 100% to hit)
The magic dart hits the phantom.
The phantom is almost destroyed.
The phantom hits you!
Casting: Magic Dart (safe; 4% risk of failure)
Confirm with . or Enter, or press ? or * to list all spells.
Aiming: Magic Dart (safe; 4% risk of failure)
Press: ? - help, Shift-Dir - straight line, f/p - phantom
Aim: a phantom (almost destroyed, 100% to hit)
The magic dart hits the phantom but does no damage.
The phantom is almost destroyed.
The phantom hits you!
* * * LOW HITPOINT WARNING * * *
The phantom blinks!
You blink.
Casting: Magic Dart (safe; 4% risk of failure)
Confirm with . or Enter, or press ? or * to list all spells.
Aiming: Magic Dart (safe; 4% risk of failure)
Press: ? - help, Shift-Dir - straight line, f/p - phantom
Aim: a phantom (almost destroyed, 100% to hit)
The magic dart hits the phantom.
The phantom is almost destroyed.
The phantom hits you.
You die...

#####
#######
#@..#
#.....#
#W..#
#.##.##
#...# #.##.#
#...# #.##.#
#...# #.##.#
..#.###.##.#
..#.#....#.#
#.#.#....#.#
#.#....#.#


You could see a phantom.

Vanquished Creatures
  A hound skeleton (D:2)
  5 adders
  A worm (D:2)
  A dart slug (D:2)
  An endoplasm (D:3)
  3 giant cockroaches
  4 goblins
  2 hobgoblins
  6 jackals
  3 quokkas
  4 ball pythons
  4 bats
  9 kobolds
  3 rats
47 creatures vanquished.

Notes
Turn   | Place    | Note
-------+----------+-------------------------------------------
     0 | D:1      | pokeman the Deep Elf Hedge Wizard began the quest for the
                  | Orb.
     0 | D:1      | Reached XP level 1. HP: 10/10 MP: 7/7
   404 | D:1      | Reached XP level 2. HP: 15/15 MP: 5/9
  1070 | D:2      | Reached skill level 5 in Spellcasting
  1070 | D:2      | Reached XP level 3. HP: 17/20 MP: 1/11
  1074 | D:2      | Learned a level 3 spell: Mephitic Cloud
  1077 | D:2      | Learned a level 2 spell: Call Imp
  1080 | D:2      | Learned a level 2 spell: Blink
  1084 | D:2      | Learned a level 3 spell: Conjure Flame
  1258 | D:2      | Found a faded altar of an unknown god.
  1417 | D:2      | Reached skill level 1 in Armour
  1454 | D:2      | Reached skill level 1 in Fighting
  1966 | D:2      | Reached XP level 4. HP: 25/25 MP: 10/13
  2427 | D:3      | Found a shadowy altar of Dithmenos.
  2656 | D:3      | Noticed a phantom
  2668 | D:3      | HP: 1/25 [phantom (7)]
  2669 | D:3      | Slain by a phantom

Illustrated notes

Levels and vault maps discovered:
D:1:      dpeg_arrival_stonehenge_8_columns, layout_basic, serial_bayou_crossing
D:2:      layout_rooms, shapermc_ecumenical_altar_petra
D:3:      layout_basic, grunt_dithmenos_smoke, columned_hall_lemuel,
          minmay_close_crescents

Skill      XL: |  1  2  3 |
---------------+----------+-----
Spellcasting   | 5 |  5.8
Armour         | 1 |  1.0
Fighting       | 1 |  1.0
Conjurations   | 2 |  2.3
Dodging        | |  2.8
Stealth        | |  2.4
Summonings     | |  1.1
Translocations | |  1.1
Fire Magic     | |  0.9

Action                   |  1- 3 |  4- 6 || total
-------------------------+-------+-------++-------
Melee: Dagger            |    30 |       ||    30
       Hand axe          |     1 |       ||     1
 Cast: Magic Dart        |    79 |    61 ||   140
       Mephitic Cloud    |     2 |       ||     2
 Stab: Sleeping          |     1 |       ||     1
       Confused          |     2 |       ||     2
Armor: Robe              |     7 |     8 ||    15
Dodge: Dodged            |    31 |    15 ||    46

Table legend: (Time is in decaauts)
 A = Elapsed time spent in this place.
 B = Non-inter-level travel time spent in this place.
 C = Inter-level travel time spent in this place.
 D = Time resting spent in this place.
 E = Time spent auto-exploring this place.
 F = Levels seen in this place.
 G = Mean time per level.
                   A        B        C        D        E       F      G
               +--------+--------+--------+--------+--------+-----+--------+
         Total |   2668 |   2604 |     64 |     29 |   2234 |   3 |  889.3 |
       Dungeon |   2668 |   2604 |     64 |     29 |   2234 |   3 |  889.3 |
               +--------+--------+--------+--------+--------+-----+--------+

Top non-repeatable levels by time:
     D:2: 1268 daAuts
     D:1: 968 daAuts
     D:3: 432 daAuts
